Cogmind - Beta 13 @@@ ROGUE MODE // 2024.04.20 @ 19:41:38 Player: opaguck Result: Destroyed by Y-45 Defender with Beam Rifle Performance ------------- Evolutions (2) 1000 Regions Visited (4) 800 Robots Destroyed (19) 95 Value Destroyed (432) 432 Prototype IDs (1) 20 Alien Tech Used (0) 0 Bonus (2) 2 TOTAL SCORE: 2349 Bonus ------- High Alert Combat Kills 2 Cogmind --------- Core Integrity 0/550 Matter 59/300 Energy 26/100 System Corruption 0% Temperature Cool (9) Movement Walking (90) Location -8/Materials Parts ------- > --- POWER (1) -------- (None) > --- PROPULSION (4) --- VSS Leg VSS Leg > --- UTILITY (4) ------ Transport Network Coupler > --- WEAPON (2) ------- Heavy Particle Gun Katana > --- INVENTORY (5) ---- Light Assault Rifle Mini Grenade Launcher Mini Grenade Launcher Datajack Peak State ------------ > --- POWER ------------ Light Ion Engine > --- PROPULSION ------- Improved Hover Unit Improved Hover Unit Improved Hover Unit Improved Hover Unit > --- UTILITY ---------- Medium Storage Unit Transport Network Coupler > --- WEAPON ----------- Mini Grenade Launcher Datajack > --- INVENTORY -------- Light Assault Rifle Mini Grenade Launcher [Rating: 14] Favorites ----------- Power Light Ion Engine Engine Light Ion Engine Propulsion Improved Hover Unit Leg VSS Leg Wheel Wheel Hover Unit Improved Hover Unit Utility Transport Network Coupler Storage Medium Storage Unit Processor Transport Network Coupler Weapon Light Assault Rifle Energy Gun EM Shotgun Ballistic Gun Light Assault Rifle Launcher Mini Grenade Launcher Slashing Weapon Katana Special Melee Weapon Datajack Build | -11 -10 -9 -9 -8 ------- Run | Yrd Mat Mat Min Mat Slots Evolved 4 | . . 2 . 2 Power . | . . . . . Propulsion 2 | . . 2 . . Utility 2 | . . . . 2 Weapon . | . . . . . Parts Attached 26 | 5 7 8 . 6 Power 2 | 1 1 . . . Engine 2 | 1 1 . . . Core . | . . . . . Reactor . | . . . . . Propulsion 13 | 2 3 5 . 3 Treads . | . . . . . Leg 3 | . . . . 3 Wheel 2 | 2 . . . . Hover 8 | . 3 5 . . Flight . | . . . . . Utility 2 | . 2 . . . Device . | . . . . . Storage 1 | . 1 . . . Processor 1 | . 1 . . . Hackware . | . . . . . Protection . | . . . . . Artifact . | . . . . . Weapon 9 | 2 1 3 . 3 Energy Gun 4 | . . 2 . 2 Energy Cannon . | . . . . . Ballistic Gun 2 | 2 . . . . Ballistic Cannon . | . . . . . Launcher 1 | . 1 . . . Special Weapon . | . . . . . Impact Weapon . | . . . . . Slashing Weapon 1 | . . . . 1 Piercing Weapon . | . . . . . Special Melee Weapon 1 | . . 1 . . Unidentified Prototypes 1 | . . . . 1 Parts Lost 11 | . 1 5 1 4 Power 1 | . . 1 . . Propulsion 6 | . 1 3 . 2 Utility 1 | . . . . 1 Weapon 3 | . . 1 1 1 Highest Loss Streak 3 | . 1 3 1 3 To Critical Strikes . | . . . . . Average Slot Usage (%) 62 | . 78 83 42 28 Engine 5 | . 14 3 . . Wheel 4 | . 15 . . . Hover 17 | . 10 38 11 2 Storage 7 | . 3 11 11 6 Processor 9 | . 8 11 11 9 Energy Gun 2 | . . 4 9 . Ballistic Gun 5 | . 20 . . . Launcher 3 | . 5 6 . . Slashing Weapon 1 | . . . . 5 Special Melee Weapon 2 | . . 8 . . Naked Turns . | . . . . . Heaviest Build 16 | 5 14 16 13 12 Greatest Support 28 | 20 20 28 7 24 Greatest Overweight (x) 3 | . 1 2 1 3 Average Overweight (x) . | . . . 1 . Largest Inventory Capacity 10 | 5 10 10 10 10 Average Capacity 8 | 5 6 10 10 8 Most Carried 5 | . 5 4 4 5 Average Carried 2 | . 1 2 4 4 Final Capacity 10 | 5 10 10 10 5 Final Carried 5 | . 5 4 4 4 Class Distribution -------------------- 100% | Mutant Dominant Class ---------------- Mutant | -10/Materials Mutant | -9/Materials Mutant | -9/Mines Mutant | -8/Materials Resources | -11 -10 -9 -9 -8 ----------- Run | Yrd Mat Mat Min Mat Matter Collected 383 | 209 9 165 . . Remotely . | . . . . . Salvage Created 343 | . 94 197 . 52 Parts 28 | . 9 17 . 2 Haulers Intercepted 1 | . . . . 1 Recyclers Shooed 1 | . . 1 . . Parts Field Recycled . | . . . . . Retrieved Matter . | . . . . . Parts Self-Destructed . | . . . . . Prevented . | . . . . . Kills | -11 -10 -9 -9 -8 ------- Run | Yrd Mat Mat Min Mat Combat Hostiles Destroyed 13 | . 5 8 . . Melee 1 | . . 1 . . Guns 3 | . 3 . . . AOE 9 | . 2 7 . . Classes Destroyed 7 | . 4 2 . 1 Worker 1 | . 1 . . . Builder 1 | . . 1 . . Hauler 1 | . . . . 1 Watcher 3 | . 1 2 . . Swarmer 6 | . 3 3 . . Grunt 5 | . 2 3 . . Sentry 2 | . . 2 . . Best Kill Streak 7 | . 4 7 . 1 Combat Bots Only 5 | . 3 5 . . Max Kills in Single Turn 3 | . 1 3 . 1 Gunslinging . | . . . . . Exploded 2 | . 1 2 . . Melee 1 | . . 1 . . Uniques/NPCs Destroyed . | . . . . . Combat | -11 -10 -9 -9 -8 -------- Run | Yrd Mat Mat Min Mat Hostile Shots Fired 223 | . 51 68 13 91 Missed 78 | . 17 31 3 27 Damage Taken 1977 | . 326 508 132 1011 Core 861 | . 138 63 105 555 Absorbed by Shields . | . . . . . Core Remaining (%) 67 | 100 44 . 58 . Volleys Fired 46 | . 24 19 . 3 Largest 2 | . 2 1 . 1 Hottest 55 | . 50 45 . 55 Shots Fired 71 | . 48 19 1 3 Gun 49 | . 43 2 1 3 Cannon . | . . . . . Launcher 22 | . 5 17 . . Special . | . . . . . Kinetic 43 | . 43 . . . Thermal 1 | . . . . 1 Explosive 22 | . 5 17 . . Electromagnetic 5 | . . 2 1 2 Robot Hit Streak 8 | . 6 8 . 5 Robot Miss Streak 6 | . 6 2 . 1 Penetration Max . | . . . . . Secondary Targets 1 | . 1 . . . Max Gunslinging Chain 1 | . 1 . . . Shots Hit Robots 45 | . 24 10 . 11 Core Hits 33 | . 13 18 . 2 Critical Kills . | . . . . . Critical Parts Destroyed . | . . . . . Critical Strikes 1 | . . . . 1 Sever 1 | . . . . 1 Melee Attacks 16 | . . 1 . 15 Impact . | . . . . . Slashing 15 | . . . . 15 Piercing . | . . . . . Sneak Attacks 2 | . . 1 . 1 Combat Hostiles . | . . . . . Follow-up Attacks . | . . . . . Damage Inflicted 1839 | . 519 988 . 332 Guns 215 | . 164 30 . 21 Cannons . | . . . . . Explosions 1234 | . 355 879 . . Melee 311 | . . . . 311 Ramming 79 | . . 79 . . Kinetic 164 | . 164 . . . Thermal . | . . . . . Explosive 1234 | . 355 879 . . Electromagnetic 51 | . . 30 . 21 Impact . | . . . . . Slashing 311 | . . . . 311 Piercing . | . . . . . Highest Corruption 5 | . . 5 5 . Average Corruption 4 | . . 4 5 . Corruption Purged . | . . . . . Corruption Blocked . | . . . . . Effects 5 | . . 2 3 . Matter Fused 1 | . . 1 . . Energy Discharges 2 | . . . 2 . Parts Rejected 1 | . . 1 . . Misfires 1 | . . . 1 . Overload Shots . | . . . . . Overflow Damage 37 | . 22 15 . . Projectiles . | . . . . . Explosions 37 | . 22 15 . . Melee . | . . . . . Knockbacks . | . . . . . Impact . | . . . . . Kinetic . | . . . . . Secondary . | . . . . . Self-Inflicted Damage 102 | . . 102 . . Shots 4 | . . 4 . . Rammed 17 | . . 17 . . Targets Rammed 17 | . . 17 . . Kicked . | . . . . . Crushed . | . . . . . Highest Temperature 56 | . 56 8 . 39 Average Temperature 16 | . 18 4 . 17 Received Heat Transfer 894 | . 99 135 75 585 Siege Activations . | . . . . . Robots Corrupted . | . . . . . Combat Hostiles . | . . . . . Parts Fried 1 | . . 1 . . Impact Corruptions 1 | . . 1 . . Robots Melted . | . . . . . Combat Hostiles . | . . . . . Parts Melted . | . . . . . Heat Transferred . | . . . . . Parts Sabotaged . | . . . . . Parts Stolen . | . . . . . Parts Stripped . | . . . . . Power Chain Reactions . | . . . . . Alert | -11 -10 -9 -9 -8 ------- Run | Yrd Mat Mat Min Mat Peak Influence 450 | . 180 450 163 79 Initial 163 | . . 76 163 59 Average 150 | . 90 287 161 64 Maximum Alert Level 2 | . . 2 . . Low Security (%) 79 | 100 100 36 100 100 Level 1 11 | . . 36 . . Level 2 8 | . . 27 . . Level 3 . | . . . . . Level 4 . | . . . . . Level 5 . | . . . . . High Security . | . . . . . Max Security . | . . . . . Squads Dispatched 1 | . . 1 . . Investigation . | . . . . . Extermination . | . . . . . Reinforcement 1 | . . 1 . . Assault . | . . . . . Garrison . | . . . . . Intercept . | . . . . . Searches Triggered . | . . . . . Construction Impeded 1 | . . 1 . . Haulers Reinforced . | . . . . . Active Scanning Responses . | . . . . . Cargo Convoy Interrupts . | . . . . . Stealth | -11 -10 -9 -9 -8 --------- Run | Yrd Mat Mat Min Mat Distress Signals 4 | . 1 3 . . Communications Jammed . | . . . . . Distress Signals . | . . . . . Times Spotted 32 | . 7 15 2 8 Peak Tracking Total 7 | . 4 6 2 7 Tactical Retreats 2 | . . . . 2 Traps | -11 -10 -9 -9 -8 ------- Run | Yrd Mat Mat Min Mat Traps Triggered . | . . . . . Indirectly . | . . . . . Trap Hack Attempts . | . . . . . Triggered . | . . . . . Disarmed . | . . . . . Reprogrammed . | . . . . . Reused . | . . . . . Traps Extracted . | . . . . . Installed . | . . . . . Triggered . | . . . . . Machines | -11 -10 -9 -9 -8 ---------- Run | Yrd Mat Mat Min Mat Machines Disabled 3 | . 2 1 . . Max in Single Turn 1 | . 1 1 . . Machines Repaired . | . . . . . Machines Dismantled . | . . . . . Machines Sabotaged . | . . . . . Overloaded Fab Kills . | . . . . . Hacking | -11 -10 -9 -9 -8 --------- Run | Yrd Mat Mat Min Mat Machines Accessed 3 | . 2 1 . . Terminals 3 | . 2 1 . . Fabricators . | . . . . . Repair Stations . | . . . . . Recycling Units . | . . . . . Scanalyzers . | . . . . . Garrison Access . | . . . . . Total Hacks 6 | . 5 1 . . Successful 2 | . 1 1 . . Failed 4 | . 4 . . . Catastrophic . | . . . . . Database Lockouts . | . . . . . Manual . | . . . . . Terminals 6 | . 5 1 . . Fabricators . | . . . . . Repair Stations . | . . . . . Recycling Units . | . . . . . Scanalyzers . | . . . . . Garrison Access . | . . . . . Terminal Hacks 2 | . 1 1 . . Hauler Manifests 1 | . . 1 . . Zone Layout 1 | . 1 . . . Fabricator Hacks . | . . . . . Repair Station Hacks . | . . . . . Recycling Unit Hacks . | . . . . . Scanalyzer . | . . . . . Garrison Access Hacks . | . . . . . Unauthorized Hacks . | . . . . . Terminals . | . . . . . Fabricators . | . . . . . Repair Stations . | . . . . . Recycling Units . | . . . . . Scanalyzers . | . . . . . Garrison Access . | . . . . . Data Cores Recovered 1 | . 1 . . . Used . | . . . . . Hacking Detections 2 | . 1 1 . . Full Trace Events . | . . . . . Feedback Events . | . . . . . Feedback Blocked . | . . . . . Robot Schematics Acquired . | . . . . . Robots Built . | . . . . . Authchips . | . . . . . Time . | . . . . . Total Robot Build Rating . | . . . . . Part Schematics Acquired . | . . . . . Parts Built . | . . . . . Authchips . | . . . . . Time . | . . . . . Total Part Build Rating . | . . . . . Parts Repaired . | . . . . . Time . | . . . . . Parts Recycled . | . . . . . Recycled Matter . | . . . . . Retrieved Matter . | . . . . . Retrieved Components . | . . . . . Parts Scanalyzed . | . . . . . Part Schematics Acquired . | . . . . . Parts Damaged . | . . . . . Bothacking | -11 -10 -9 -9 -8 ------------ Run | Yrd Mat Mat Min Mat Used RIF Installer . | . . . . . Robots Hacked 1 | . . 1 . . Non-combat 1 | . . 1 . . Combat . | . . . . . Robot Hacks Applied 1 | . . 1 . . no_distress 1 | . . 1 . . Relay Couplers Released . | . . . . . Fabnet Peak Effective % . | . . . . . Robots Rewired . | . . . . . Allies Hacked . | . . . . . Hacks Repelled . | . . . . . Allies | -11 -10 -9 -9 -8 -------- Run | Yrd Mat Mat Min Mat Total Allies . | . . . . . Largest Group . | . . . . . Highest-Rated Group . | . . . . . Highest-Rated Ally . | . . . . . Total Orders . | . . . . . Ally Attacks . | . . . . . Total Damage . | . . . . . Kills . | . . . . . Allies Corrupted . | . . . . . Allies Melted . | . . . . . Intel | -11 -10 -9 -9 -8 ------- Run | Yrd Mat Mat Min Mat Robot Analysis Total . | . . . . . Derelict Logs Recovered 2 | . . . 2 . Drone Launches . | . . . . . Drone Recoveries . | . . . . . Exploration | -11 -10 -9 -9 -8 ------------- Run | Yrd Mat Mat Min Mat Turns Passed 674 | 36 180 211 89 158 Spaces Moved 554 | 36 144 195 75 104 Core 41 | 1 2 . . 38 Treads . | . . . . . Legs 23 | . . . . 23 Wheels 100 | 35 65 . . . Hover 390 | . 77 195 75 43 Flight . | . . . . . Fastest Speed 48 | 50 56 48 120 50 Average Speed 78 | 79 67 59 120 100 Slowest Speed 200 | 80 100 180 120 200 Overloaded Moves . | . . . . . Propulsion Burnouts . | . . . . . Robots Hopped . | . . . . . Cave-ins Triggered . | . . . . . Exploration Rate (%) 18 | 3 27 21 27 16 Regions Visited 4 Branch Regions 1 Pre-discovered Areas 1 | . . . 1 . Known Exits Taken . | . . . . . Unknown Exits Taken 4 | 1 1 1 1 . Scrap Searched . | . . . . . Spaces Dug . | . . . . . Terrain Destroyed 83 | . 13 70 . . Melee . | . . . . . Projectile . | . . . . . AOE 83 | . 13 70 . . Terrain Rammed . | . . . . . Walls Destroyed . | . . . . . Machines Disabled . | . . . . . Actions | -11 -10 -9 -9 -8 --------- Run | Yrd Mat Mat Min Mat Total 697 | 40 185 269 74 129 Wait 29 | . 3 26 . . Move 550 | 35 143 194 74 104 Hop . | . . . . . Pick Up 5 | . 4 . . 1 Fast Attach 21 | 5 6 5 . 5 Attach 4 | . . 3 . 1 Detach 3 | . 1 2 . . Swap 1 | . 1 . . . Drop 5 | . 3 2 . . Fire 46 | . 24 19 . 3 Melee 16 | . . 1 . 15 Ram 17 | . . 17 . . Kick . | . . . . . Crush . | . . . . . Escape Stasis . | . . . . . Rewire . | . . . . . Trap . | . . . . . Miscellaneous . | . . . . . Route ------- -11/Scrapyard -10/Materials -9/Materials -9/Mines -8/Materials (discovered 1 exit: Sto) History --------- Turn | Location | Event 2 | -11/Scrapyard | Met Revision 17 14 | -11/Scrapyard | Discovered new exit (range 16) 37 | -11/Scrapyard | Entered Materials 160 | -10/Materials | Core integrity fell below 50% 215 | -10/Materials | Discovered new exit (range 3) 217 | -10/Materials | Entered another Materials area 217 | -9/Materials | Evolved 2 slots: Propulsion x2 316 | -9/Materials | Build established: Mutant 330 | -9/Materials | Discovered new exit (range 7) 428 | -9/Materials | Entered Mines 451 | -9/Mines | Lost 3 parts (2n1w) 504 | -9/Mines | Discovered new exit (range 11) 506 | -9/Mines | Learned location of Storage (-8) 517 | -9/Mines | Entered Materials 517 | -8/Materials | Evolved 2 slots: Utility x2 518 | -8/Materials | Identified exit to Storage 623 | -8/Materials | Core integrity fell below 50% 634 | -8/Materials | Core integrity fell below 20% 666 | -8/Materials | Lost 3 parts (1n1u1w) 675 | -8/Materials | Destroyed by Y-45 Defender with Beam Rifle Last Messages --------------- 00585_ K-01 Serf collects debris. 00587_ Acquired Katana. 00597_ G-47 Trooper Particle Gun severed. 00618_ Critical hit (Burn: +37). 00618_ VSS Leg destroyed. 00621_ Critical hit (Burn: +37). 00625_ EM Pulse Gun destroyed. 00627_ Y-45 Defender misfires. 00627_ Critical hit (Burn: +37). 00630_ Y-45 Defender IFF system glitched. 00630_ G-50 Soldier destroyed. 00634_ R-06 Scavenger collects Hvy. Laser. 00635_ Med. Storage Unit destroyed. 00637_ Critical hit (Burn: +37). 00645_ K-01 Serf collects debris. 00651_ Acquired VSS Leg. 00662_ Sneak attack on A-02 Transporter. 00662_ A-02 Transporter destroyed. 00666_ Acquired Prototype Energy Gun. 00666_ Identified Hvy. Particle Gun. Map ----- +----------------------------------------------------+ | ????????????????# #?????????????????????? | | ????????????????# #?????????????????????? | | ????????????????# #?????????????????????? | | ????????????????# #?????????????????????? | | ????????????????# #?????????????????????? | | ?????? ???????# #?????????????????????? | | ?????? #??????# #######???????????????? | | ?????? #??????# # #???????????????? | | ?????? #??????# # #???????????????? | | ????## ##?????# # #???????????????? | | ?????! #?????# # #???????????????? | | ????? #?????# # #???????????????? | | ????? #?????# # #???????????????? | | ????? #?????# + #???????????????? | | ????? #######+### ###########?????? | | ?????# ##/ ####+#### #?????? | | ###### ## ## #?# #?????? | | !# ## """ !!!## ### ! #?????? | | "" # ## """ !!!## + = #?????? | | "" [ # ## """ !!!## ### = #?????? | | "" + ## ### ##?# #?????? | | # ## [ #?# #??#! ! #?????? | | ## ###/ #?# #??# #?????? | | ####### #?#####+###### #??# #?????? | | ??????# #???# #####g#######?????? | | ??????# #???# Y @ ! #?????????? | | ??????# #???# ! % [%[ #?????????? | | ??????# #???# !! """" *####?????????? | | ?????##/###### !! """" #????????????? | | ?????# # !! """" +????????????? | | ?????# + #????????????? | | ?????# # #????????????? | | ?????######### ##"T"###+#####????????????? | | ?????????????#+##?####????????????????????? | | ????????????? ???????????????????????????? | | ????????????? ???????????????????????????? | | ????????????? ???????????????????????????? | | ????????????? ???????????????????????????? | | ????????????? ???????????????????????????? | | ????????????? ???????????????????????????? | | ??????????????????????????????????????????? | | | | | | | | | | | | | | | | | | | +----------------------------------------------------+ Best States ------------- Heat Dissipation 31 Energy Generation 10 Energy Capacity 125 Matter Stores 259 Matter Capacity 300 Sight Range 16 Terrain Scan Density 10 Evasion (%) 55 Item Schematics ----------------- None Robot Schematics ------------------ None Fabricated ------------ Nothing Alien Tech Used ----------------- None Achievements -------------- Fist Fight Challenges ------------ None Game ------ Seed DroneFlightUnit Manual? 0 Play Time 00:17:10 Cumulative 10.4 hours Start 2024.04.20 @ 19:26:26 End 2024.04.20 @ 19:41:38 Sessions 1 Manual Loads 0 Difficulty Rogue Special Mode None Game No. 9 Rogue 9 Adventurer 0 Explorer 0 Win Type - Total 0 Types 0/0/0/0/0/0/0/0/0 Lore% 18 Gallery% 17 Achievement% 16 Wizard Run 0 Options --------- Layout 1 ASCII 0 Keyboard 0 Movement Mouse Keybinds 0 Fullscreen 2 Font 24/Smallcaps Map View 50x35 Zoom Use 0% Tactical HUD 1 Map Filters NONE Filters NONE Steam 1 RUN: faea22b2-bb9f-45b6-95be-1c3b2ece1806